 Dungeon Crawl Stone Soup version 0.29-a0-559-g359e09b9d1 (webtiles) character file.

Game seed: 5609833215147752545

288 dolemite99 the Conjurer (level 6, -6/99 HPs)
             Began as a Gnoll Conjurer on June 10, 2022.
             Was a Believer of Kikubaaqudgha.
             Mangled by an orc warrior
             ... wielding a +0 trident
              (11 damage)
             ... on level 4 of the Dungeon.
             The game lasted 00:06:36 (5655 turns).

dolemite99 the Conjurer (Gnoll Conjurer)            Turns: 5655, Time: 00:06:37

Health: -6/99      AC: 23    Str:  6    XL:     6   Next: 31%
Magic:  13/14      EV:  2    Int: 19    God:    Kikubaaqudgha [**....]
Gold:   275        SH:  0    Dex: 11    Spells: 9/15 levels left

rFire   . . .      SeeInvis +   b - +0 hand axe (elec)
rCold   . . .      Faith    +   (no shield)
rNeg    . . .      Spirit   .   (body armour currently unavailable)
rPois   +          Reflect  .   (helmet currently unavailable)
rElec   .          Harm     .   (cloak currently unavailable)
rCorr   .          Rampage  .   (gloves currently unavailable)
Will    .....      NoTele   +   (boots currently unavailable)
Stlth   ..........              g - amulet of faith
HPRegen 0.26/turn               (no ring)
MPRegen 0.14/turn               (no ring)

@: brilliant, berserking, tree-form, attractive, hasted, unable to read, very
quick
A: stationary, stasis, torment immunity, boosted hp, (fangs 1), strong nose,
distributed training, (talons 1), see invisible, inability to read while
threatened
a: Renounce Religion, Unearth Wretches


You were on level 4 of the Dungeon.
You worshipped Kikubaaqudgha.
Kikubaaqudgha was pleased with you.
You were a tree.
You visited 1 branch of the dungeon, and saw 4 of its levels.

You collected 275 gold pieces.

Inventory:

Hand Weapons
 a - a +2 hunting sling
 b - a +0 hand axe of electrocution (weapon)
 e - a +0 trident
 t - a +2 flail of protection
Missiles
 o - 73 stones
 p - 6 datura-tipped darts
 y - 6 poisoned darts
Armour
 c - a +1 leather armour (melded)
 d - a +0 robe
 v - a +0 cloak (melded)
Jewellery
 g - an amulet of faith (around neck)
Wands
 k - a wand of polymorph (2)
 z - a wand of mindburst (9)
Scrolls
 h - a scroll of poison {unknown}
 m - a scroll of immolation {unknown}
 n - a scroll of blinking {unknown}
 q - a scroll of torment
 s - 2 scrolls of enchant armour
 A - a scroll of identify {@r1}
 B - a scroll of amnesia {unknown}
Potions
 f - 2 potions of lignification
 r - a potion of magic
 x - a potion of heal wounds {unknown}
 C - a potion of might {unknown}


   Skills:
 + Level 1.9 Fighting
 + Level 1.9 Short Blades
 + Level 1.9 Long Blades
 + Level 1.9 Axes
 + Level 1.9 Maces & Flails
 + Level 1.9 Polearms
 + Level 1.9 Staves
 + Level 1.9 Slings
 + Level 1.9 Bows
 + Level 1.9 Crossbows
 + Level 1.9 Throwing
 + Level 1.9 Armour
 + Level 4.9 Dodging
 + Level 4.5 Stealth
 + Level 1.9 Shields
 + Level 1.9 Unarmed Combat
 + Level 5.3 Spellcasting
 + Level 7.2 Conjurations
 + Level 1.5 Hexes
 + Level 1.5 Summonings
 + Level 1.5 Necromancy
 + Level 1.5 Translocations
 + Level 1.5 Transmutations
 + Level 1.5 Fire Magic
 + Level 1.5 Ice Magic
 + Level 1.5 Air Magic
 + Level 1.5 Earth Magic
 + Level 1.5 Poison Magic
 + Level 2.1 Invocations
 + Level 1.9 Evocations


You had 9 spell levels left.
You knew the following spells:

 Your Spells              Type           Power      Damage    Failure   Level
a - Magic Dart            Conj           100%       1d8       1%          1
b - Searing Ray           Conj           98%        2d8       1%          2
c - Dazzling Flash        Conj/Hex       64%        N/A       6%          3

Your spell library contained the following spells:

 Spells                   Type           Power      Damage    Failure   Level
 Necrotize                Necr           64%        1d7       6%          1
 Sublimation of Blood     Necr           16%        N/A       10%         2
 Gell's Gravitas          Tloc           16%        N/A       19%         3
 Lesser Beckoning         Tloc           16%        N/A       19%         3
 Teleport Other           Tloc           16%        N/A       19%         3
 Vampiric Draining        Necr           16%        2d7       19%         3
 Fulminant Prism          Conj/Hex       16%        3d11      21%         4
 Iskenderun's Mystic Bla  Conj/Tloc      32%        2d8       21%         4
 Anguish                  Hex/Necr       8%         N/A       54%         4
 Dispersal                Tloc           8%         N/A       100%        6


Dungeon Overview and Level Annotations

Branches:
Dungeon (4/15)
 Temple: D:4-7

Altars:
Kikubaaqudgha
The Shining One

Annotations:
D:4 2 runed translucent doors, Gelos's ghost, weakling VSFi


Innate Abilities, Weirdness & Mutations

You are a tree.
Your roots penetrate the ground, keeping you stationary.
You cannot be teleported.
You are immune to unholy pain and torment.
Your maximum health is greatly increased.
Your equipment is partially melded.
((You have very sharp teeth.))
Your uncanny sense of smell can sniff out nearby items.
Your experience applies equally to all skills.
((You have sharp toenails.))
You have supernaturally acute eyesight. (SInv)
You sometimes lose the ability to read scrolls when taking damage.


Message History

The orc wizard casts a spell.
The orc wizard flickers and vanishes!
Deactivating autopickup; reactivate with Ctrl-A.
It was a potion of attraction.
You feel attractive to monsters.
The orc warrior hits you but does no damage.
The orc priest hits you but does no damage.
It was a potion of mutation.
You feel extremely strange.
Your vision sharpens.
Reactivating autopickup.
You lose the ability to read scrolls when threatened.
Your toenails lengthen and sharpen.
It was a potion of berserk rage.
A red film seems to cover your vision as you go berserk!
You feel yourself moving faster!
You feel mighty!
The orc priest hits you but does no damage.
The orc warrior hits you from afar with a +0 trident!
* * * LOW HITPOINT WARNING * * *
You hear the crackle of electricity.
b - a +0 hand axe of electrocution (weapon)
You feel a strong urge to attack something.
You slash the orc priest!
You kill the orc priest!
Kikubaaqudgha accepts your kill.
The orc warrior hits you but does no damage.
The orc warrior is attracted toward you.
The orc wizard is attracted toward you.
You hit the orc warrior.
The orc warrior is heavily wounded.
The orc warrior hits you but does no damage.
You closely miss the orc warrior.
You punch the orc warrior, but do no damage.
The orc warrior is heavily wounded.
The orc warrior barely misses you.
You barely miss the orc warrior.
The orc warrior is heavily wounded.
The orc warrior hits you with a +0 trident!
You feel threatened and lose the ability to read scrolls!
You die...
Kikubaaqudgha rasps: "You have failed me!
Welcome... death!"

## ...)..... .##
........ ..#
........ ..#
#o..).## .## #..#
.# #†.# .## ###
##o# ..# ##.### #o#
..## #....# #♣##
...# ##....## #..#
...## #......# #..#
....###......###.##
.....#.......##..#
#....#.......#..##
#.....#######..##
......# #.##
........ ...#


You could see an orc warrior and an orc wizard (invisible).

Vanquished Creatures
  A necrophage (D:4)
  An orc priest (D:4)
  An orc wizard (D:3)
  4 gnolls (D:3)
  4 adders
  2 worms
  4 orcs
  7 endoplasms
  2 giant cockroaches
  10 goblins
  7 hobgoblins
  6 jackals
  3 quokkas
  13 ball pythons
  8 bats
  7 frilled lizards
  13 kobolds
  3 rats
96 creatures vanquished.

Vanquished Creatures (others)
  A ball python (D:4)
1 creature vanquished.

Grand Total: 97 creatures vanquished

Notes
Turn   | Place    | Note
-------+----------+-------------------------------------------
     0 | D:1      | dolemite99 the Gnoll Conjurer began the quest for the Orb.
     0 | D:1      | Reached XP level 1. HP: 13/13 MP: 6/6
   635 | D:1      | Reached XP level 2. HP: 19/19 MP: 2/7
   967 | D:1      | Reached XP level 3. HP: 25/25 MP: 2/9
  1049 | D:1      | Learned a level 2 spell: Searing Ray
  1053 | D:1      | Learned a level 3 spell: Dazzling Flash
  1168 | D:1      | Reached skill level 5 in Spellcasting
  1853 | D:2      | Reached skill level 1 in Invocations
  1970 | D:2      | Reached skill level 1 in Fighting
  1970 | D:2      | Reached skill level 1 in Short Blades
  1970 | D:2      | Reached skill level 1 in Long Blades
  1970 | D:2      | Reached skill level 1 in Axes
  1970 | D:2      | Reached skill level 1 in Maces & Flails
  1970 | D:2      | Reached skill level 1 in Polearms
  1970 | D:2      | Reached skill level 1 in Staves
  1970 | D:2      | Reached skill level 1 in Slings
  1970 | D:2      | Reached skill level 1 in Bows
  1970 | D:2      | Reached skill level 1 in Crossbows
  1970 | D:2      | Reached skill level 1 in Throwing
  1970 | D:2      | Reached skill level 1 in Armour
  1970 | D:2      | Reached skill level 1 in Shields
  1970 | D:2      | Reached skill level 1 in Unarmed Combat
  1970 | D:2      | Reached skill level 1 in Evocations
  2419 | D:2      | Found a faded altar of an unknown god.
  2442 | D:2      | Prayed at the altar of an unknown god.
  2442 | D:2      | Became a worshipper of Kikubaaqudgha
  2442 | D:2      | Reached * piety under Kikubaaqudgha
  2442 | D:2      | Received a gift from Kikubaaqudgha
  2445 | D:2      | Reached XP level 4. HP: 32/32 MP: 6/11
  3357 | D:3      | Reached skill level 1 in Hexes
  3357 | D:3      | Reached skill level 1 in Summonings
  3357 | D:3      | Reached skill level 1 in Necromancy
  3357 | D:3      | Reached skill level 1 in Translocations
  3357 | D:3      | Reached skill level 1 in Transmutations
  3357 | D:3      | Reached skill level 1 in Fire Magic
  3357 | D:3      | Reached skill level 1 in Ice Magic
  3357 | D:3      | Reached skill level 1 in Air Magic
  3357 | D:3      | Reached skill level 1 in Earth Magic
  3357 | D:3      | Reached skill level 1 in Poison Magic
  3676 | D:3      | Reached XP level 5. HP: 37/37 MP: 6/12
  3824 | D:3      | Identified a scroll of acquirement
  3824 | D:3      | Acquired an amulet of faith
  4093 | D:3      | Reached ** piety under Kikubaaqudgha
  4137 | D:3      | Found a glowing golden altar of the Shining One.
  5095 | D:4      | Reached XP level 6. HP: 44/44 MP: 8/13
  5325 | D:4      | Found a runed translucent door.
  5326 | D:4      | Noticed Gelos's ghost (weakling VSFi)
  5401 | D:4      | Found a runed translucent door.
  5629 | D:4      | Noticed an orc warrior
  5649 | D:4      | Gained mutation: You have supernaturally acute eyesight.
                  | (SInv) [potion of mutation]
  5649 | D:4      | Gained mutation: You sometimes lose the ability to read
                  | scrolls when taking damage. [potion of mutation]
  5649 | D:4      | Gained mutation: You have sharp toenails. [potion of
                  | mutation]
  5650 | D:4      | HP: 4/99 [orc warrior/+0 trident (8)]
  5655 | D:4      | Mangled by an orc warrior

Illustrated notes

Levels and vault maps discovered:
D:1:      dpeg_arrival_short_road, layout_basic
D:2:      layout_loops_ring, dreamdust_ecumenical_altar_angels_and_demons
D:3:      layout_rooms, nicolae_tso_swordbearing_angel
D:4:      layout_cave_pods, ebering_ghost_sewer_f, uniq_ijyb

Skill      XL: |  1  2  3  4  5 |
---------------+----------------+-----
Spellcasting   | 5 |  5.3
Invocations    | 1 2 |  2.1
Fighting       | 1 |  1.9
Short Blades   | 1 |  1.9
Long Blades    | 1 |  1.9
Axes           | 1 |  1.9
Maces & Flails | 1 |  1.9
Polearms       | 1 |  1.9
Staves         | 1 |  1.9
Slings         | 1 |  1.9
Bows           | 1 |  1.9
Crossbows      | 1 |  1.9
Throwing       | 1 |  1.9
Armour         | 1 |  1.9
Shields        | 1 |  1.9
Unarmed Combat | 1 |  1.9
Evocations     | 1 |  1.9
Hexes          | 1 |  1.5
Summonings     | 1 |  1.5
Necromancy     | 1 |  1.5
Translocations | 1 |  1.5
Transmutations | 1 |  1.5
Fire Magic     | 1 |  1.5
Ice Magic      | 1 |  1.5
Air Magic      | 1 |  1.5
Earth Magic    | 1 |  1.5
Poison Magic   | 1 |  1.5
Dodging        | |  4.9
Stealth        | |  4.5
Conjurations   | |  7.2

Action                   |  1- 3 |  4- 6 || total
-------------------------+-------+-------++-------
Melee: Trident           |    18 |     4 ||    22
       Hand axe          |       |     4 ||     4
       Punch             |       |     1 ||     1
 Fire: Hunting sling     |       |    40 ||    40
 Cast: Magic Dart        |    65 |    47 ||   112
       Searing Ray       |     3 |    11 ||    14
Invok: Unearth Wretches  |       |     1 ||     1
  Use: Scroll            |       |     8 ||     8
       Potion            |       |     6 ||     6
 Stab: Sleeping          |     1 |       ||     1
Armor: Robe              |     8 |       ||     8
       Leather armour    |       |    15 ||    15
       Skin              |       |     5 ||     5
Dodge: Dodged            |    13 |    24 ||    37

Table legend: (Time is in decaauts)
 A = Elapsed time spent in this place.
 B = Non-inter-level travel time spent in this place.
 C = Inter-level travel time spent in this place.
 D = Time resting spent in this place.
 E = Time spent auto-exploring this place.
 F = Levels seen in this place.
 G = Mean time per level.
                   A        B        C        D        E       F      G
               +--------+--------+--------+--------+--------+-----+--------+
         Total |   5672 |   5607 |     65 |   2184 |   2618 |   4 | 1418.0 |
       Dungeon |   5672 |   5607 |     65 |   2184 |   2618 |   4 | 1418.0 |
               +--------+--------+--------+--------+--------+-----+--------+

Top non-repeatable levels by time:
     D:1: 1662 daAuts
     D:3: 1518 daAuts
     D:2: 1495 daAuts
     D:4: 996 daAuts
